 Dungeon Crawl Stone Soup version 0.23-a0-436-g57debff (webtiles) character file.

425 kidcy the Cudgeler (level 7, -4/55 HPs)
             Began as a Formicid Abyssal Knight on Nov 16, 2018.
             Was a Believer of Lugonu.
             Slain by a gnoll
             ... wielding a +1 whip of electrocution
              (14 damage)
             ... on level 3 of the Dungeon.
             The game lasted 00:07:35 (3455 turns).

kidcy the Cudgeler (Formicid Abyssal Knight)        Turns: 3455, Time: 00:07:36

Health: -4/55      AC: 11    Str: 19      XL:     7   Next: 18%
Magic:  10/10      EV:  6    Int: 10 (11) God:    Lugonu [**....]
Gold:   217        SH:  0    Dex:  9 (10) Spells: 6/6 levels left

rFire    . . .     SeeInvis +   a - +1 mace
rCold    . . .     Gourm    .   (no shield)
rNeg     . . .     Faith    .   g - +0 plate armour
rPois    .         Spirit   .   (helmet unavailable)
rElec    .         Reflect  .   r - scarf {cloud immunity}
rCorr    .         Harm     .   (no gloves)
MR       .....                  (no boots)
Stlth    ..........             (no amulet)
HPRegen  0.18/turn              (no ring)
MPRegen  0.12/turn              (no ring)

@: no status effects
A: permanent stasis, dig shafts and tunnels, four strong arms, antennae 3
a: Dig, Shaft Self, Depart the Abyss, Bend Space, Renounce Religion


You were on level 3 of the Dungeon.
You worshipped Lugonu.
Lugonu was pleased with you.
You were not hungry.

You visited 1 branch of the dungeon, and saw 4 of its levels.
You visited the Abyss 1 time.

You collected 217 gold pieces.

Inventory:

Hand Weapons
 a - a +1 mace (weapon)
Armour
 b - a +0 leather armour
 g - a +0 plate armour (worn)
 r - a scarf of cloud immunity (worn)
Jewellery
 e - an uncursed amulet of faith {unknown}
Scrolls
 d - a scroll of remove curse {unknown}
 f - 3 scrolls of teleportation {unknown}
 h - 2 scrolls of random uselessness {unknown}
 j - 3 scrolls of enchant armour {unknown}
 k - 2 scrolls of fog {unknown}
 l - 2 scrolls of identify {unknown}
 n - a scroll of immolation {unknown}
 p - a scroll of amnesia {unknown}
 s - 3 scrolls of noise {unknown}
Comestibles
 c - 4 rations


   Skills:
 + Level 4.6 Fighting
 * Level 4.7 Maces & Flails
 + Level 4.0 Armour
 - Level 1.0 Dodging
 + Level 4.2 Invocations


You had 6 spell levels left.
You didn't know any spells.
Your spell library was empty.

Dungeon Overview and Level Annotations

Branches:
Dungeon (4/15)
 Temple: D:4-7

Altars:
Dithmenos
Elyvilon
Makhleb
Qazlal
Ru
Zin
The Shining One


Innate Abilities, Weirdness & Mutations

You cannot be hasted, slowed, berserked, paralysed or teleported.
You can dig through walls and to a lower floor.
Your four strong arms can wield two-handed weapons with a shield.
You have a pair of large antennae on your head. (SInv)


Message History

You hit the gnoll.
The gnoll is severely wounded.
The gnoll hits you but does no damage. x2; The gnoll barely misses you.
You closely miss the gnoll.
The gnoll is severely wounded.
The gnoll hits you but does no damage.
You are electrocuted!
* * * LOW HITPOINT WARNING * * *
The gnoll hits you but does no damage.
You hit the gnoll.
The gnoll is severely wounded.
The gnoll completely misses you. The gnoll hits you with a +0 club.
* * * LOW HITPOINT WARNING * * *
You hit the gnoll but do no damage.
The gnoll is severely wounded.
The gnoll hits you but does no damage. The gnoll hits you with a +0 club.
* * * LOW HITPOINT WARNING * * *
You hit the gnoll.
The gnoll is almost dead.
The gnoll hits you but does no damage.
You are electrocuted!
You die...

..÷.....# ####.#
........# #.#
.......## #.#
.......# #.#
.......# #.#
###.#### ####.####
#.# ##.......###
#.#
########..#####.^.#
#.# #...g@g...#
#.#.# ###.##
#.######..# #.#.#
.†...# #.# #..#
#.#.# ###..# #.#
#..#####.#.# #..#
#.# #........#.##
#..# #.#
#.########..###
#..# #.# #.#
##{....# ###..#####
#.######.# #...##..
.........#
#.#......#
##..##...


You could see 2 gnolls.

Vanquished Creatures
  A black bear (D:3)
  A crimson imp (D:3)
  A hound (D:4)
  4 orc wizards (D:3)
  A worker ant (D:4)
  5 adders
  2 gnolls (D:3)
  A worm (D:3)
  2 dart slugs (D:1)
  4 leopard geckos
  4 orcs (D:3)
  A ball python (D:3)
  5 bats
  A giant cockroach (D:1)
  5 goblins
  9 hobgoblins
  10 jackals
  5 frilled lizards
  A jackal skeleton (D:4)
  8 kobolds
  3 rats (D:1)
74 creatures vanquished.

Notes
Turn   | Place    | Note
-------+----------+-------------------------------------------
     0 | Abyss:1  | kidcy the Formicid Abyssal Knight began the quest for the
                  | Orb.
     0 | Abyss:1  | Reached XP level 1. HP: 18/18 MP: 2/2
   114 | Abyss:1  | Noticed a small abomination
   120 | Abyss:1  | Noticed a large abomination
   122 | Abyss:1  | Noticed a wraith
   124 | D:1      | Escaped the Abyss
   168 | D:1      | Reached skill level 1 in Dodging
   188 | D:1      | Reached XP level 2. HP: 15/24 MP: 3/3
   190 | D:1      | Reached * piety under Lugonu
   535 | D:1      | Reached XP level 3. HP: 17/29 MP: 4/4
  1145 | D:2      | Reached XP level 4. HP: 29/37 MP: 6/6
  1167 | D:2      | Found a burning altar of Makhleb.
  1371 | D:2      | Found a stormy altar of Qazlal.
  1603 | D:2      | Found a white marble altar of Elyvilon.
  1603 | D:2      | Found a glowing golden altar of the Shining One.
  1604 | D:2      | Found a glowing silver altar of Zin.
  1731 | D:3      | Reached ** piety under Lugonu
  1743 | D:3      | Found a shadowy altar of Dithmenos.
  1932 | D:3      | Found a faded altar of an unknown god.
  1943 | D:3      | Reached XP level 5. HP: 42/42 MP: 7/7
  2014 | D:3      | Reached XP level 6. HP: 37/48 MP: 8/8
  2338 | D:3      | Found a sacrificial altar of Ru.
  2783 | D:4      | Noticed a black bear
  2813 | D:3      | Killed a black bear
  3086 | D:4      | Reached XP level 7. HP: 55/55 MP: 10/10
  3455 | D:3      | Slain by a gnoll

Vault maps used:
D:1:      matt_arrival_refuge, minmay_small_reverse_x
D:2:      good_gods_temple_1, bloody_makhleb, old_standard_altar
D:3:      old_standard_altar, chequers_ecumenical_altar_simple_redux,
          roderic_roman_lattice, nicolae_dithmenos_through_a_glass_darkly
D:4:      gammafunk_cloud_chamber, first_ration

Skill      XL: |  1  2  3  4  5  6  7 |
---------------+----------------------+-----
Dodging        | 1 |  1.0
Maces & Flails | 3 4 |  4.7
Invocations    | 3 4 |  4.2
Armour         | 3 4 |  4.0
Fighting       | 4 |  4.6

Action                   |  1- 3 |  4- 6 |  7- 9 || total
-------------------------+-------+-------+-------++-------
Melee: Mace              |    94 |   179 |    44 ||   317
Invok: Depart the Abyss  |     1 |       |       ||     1
  Use: Potion            |       |     5 |     1 ||     6
 Stab: Invisible         |       |     1 |       ||     1
  Eat: Chunk             |       |     6 |       ||     6
       Ration            |       |     1 |       ||     1
Armor: Leather armour    |    26 |       |       ||    26
       Plate armour      |     5 |   193 |    39 ||   237
Dodge: Dodged            |    64 |    61 |    20 ||   145

Table legend:
 A = Non-vault XP
 B = Vault XP
 C = Vault XP percentage of total XP
 D = Non-vault monster count
 E = Vault monster count
 F = Vault count percentage of total count
                 A         B        C        D         E       F
            +---------+---------+-------+---------+---------+-------
      Total |     601 |       7 |   1.2 |      70 |       4 |   5.4
            +---------+---------+-------+---------+---------+-------
        D:1 |      50 |       7 |  12.3 |      27 |       4 |  12.9
        D:2 |      45 |       0 |   0.0 |      12 |       0 |   0.0
        D:3 |     425 |       0 |   0.0 |      27 |       0 |   0.0
        D:4 |      81 |       0 |   0.0 |       4 |       0 |   0.0
            +---------+---------+-------+---------+---------+-------
